TOP OF THE 1ST |
Tampa Pirates batting - Pitching for Pompano Beach Stingrays : RHP Julian Gonzalez
|
Pitching: RHP Julian Gonzalez
|
|
Batting: SHB Craig Smajstrla
|
0-0: Called Strike 0-1: Called Strike 0-2: Ball 1-2: Strikes out looking
|
Batting: LHB David Frederick
|
0-0: Ball 1-0: Called Strike 1-1: Ball 2-1: Ground out 4-3 (Groundball, 4, EV 94.4 MPH)
|
Batting: LHB Pedro Nunez
|
0-0: Swinging Strike 0-1: Ball 1-1: Swinging Strike 1-2: Ball 2-2: Ground out U3 (Groundball, 3S, EV 78.1 MPH)
|
Top of the 1st over - 0 runs, 0 hits, 0 errors, 0 left on base; Tampa 0 - Pompano Beach 0 |
BOTTOM OF THE 1ST |
Pompano Beach Stingrays batting - Pitching for Tampa Pirates : RHP Donald VanMarter
|
Pitching: RHP Donald VanMarter
|
|
Batting: LHB Arnold McCrary
|
0-0: Called Strike 0-1: Ball 1-1: Ball 2-1: Swinging Strike 2-2: Foul Ball, location: 2F 2-2: Foul Ball, location: 2F 2-2: Ball 3-2: Base on Balls
|
Batting: SHB Gene Roof
|
0-0: Ball Arnold McCrary is caught stealing 2nd base 2-6 1-0: Called Strike 1-1: Fly out, F8 (Line Drive, 8RM, EV 91.3 MPH)
|
Batting: RHB Lance Junker
|
0-0: Ball 1-0: Foul Ball, location: 2F 1-1: Ball 2-1: Ball 3-1: Called Strike 3-2: Base on Balls
|
Batting: RHB Jimmy Thomas
|
0-0: Ball 1-0: Ball 2-0: Ball 3-0: Called Strike 3-1: Base on Balls Lance Junker to second
|
Batting: SHB Juan Molina
|
0-0: Called Strike 0-1: DOUBLE (Line Drive, 7LS, EV 90.0 MPH) Lance Junker scores Jimmy Thomas to third
|
Batting: LHB Steve Phillips
|
0-0: Ball 1-0: Swinging Strike 1-1: Ball 2-1: Foul Ball, location: 2F 2-2: Strikes out swinging
|
Bottom of the 1st over - 1 run, 1 hit, 0 errors, 2 left on base; Tampa 0 - Pompano Beach 1 |
TOP OF THE 2ND |
Tampa Pirates batting - Pitching for Pompano Beach Stingrays : RHP Julian Gonzalez
|
Batting: RHB Gregory Norman
|
0-0: Called Strike 0-1: SINGLE (Groundball, 34D, EV 95.0 MPH)
|
Batting: LHB Alfredo Rodriguez
|
0-0: Ball 1-0: Ball 2-0: Ball 3-0: Called Strike 3-1: Base on Balls Gregory Norman to second
|
Batting: RHB Jason Porter
|
0-0: Fly out, F8 (Flyball, 8LD, EV 100.0 MPH)
|
Batting: RHB Erwin Bryant
|
0-0: Grounds into double play, 5-4-3 (Groundball, 56, EV 80.0 MPH)
|
Top of the 2nd over - 0 runs, 1 hit, 0 errors, 1 left on base; Tampa 0 - Pompano Beach 1 |
BOTTOM OF THE 2ND |
Pompano Beach Stingrays batting - Pitching for Tampa Pirates : RHP Donald VanMarter
|
Batting: RHB Kenneth Feinberg
|
0-0: Ball 1-0: Ball 2-0: Fly out, F8 (Flyball, 8LS, EV 97.5 MPH)
|
Batting: SHB Maury Ornest
|
0-0: Ball 1-0: Ball 2-0: Ball 3-0: Called Strike 3-1: Foul Ball, location: 2F 3-2: Base on Balls
|
Batting: RHB Edward Lowery
|
0-0: Called Strike Maury Ornest steals 2nd base 0-1: Ground out 6-3 (Groundball, 6, EV 86.9 MPH) Maury Ornest to third
|
Batting: LHB Arnold McCrary
|
0-0: Ball 1-0: Called Strike 1-1: Ball 2-1: Foul Ball, location: 2F 2-2: Ball 3-2: Foul Ball, location: 2F 3-2: DOUBLE (Groundball, 5L, EV 108.8 MPH) Maury Ornest scores
|
Batting: SHB Gene Roof
|
0-0: Called Strike 0-1: SINGLE (Groundball, 6MD, EV 98.1 MPH) Arnold McCrary to third Runner from 3rd tries for Home, SAFE, throw by CF to home Gene Roof to second
|
Batting: RHB Lance Junker
|
0-0: Ball 1-0: Fly out, F7 (Flyball, 7D, EV 93.8 MPH)
|
Bottom of the 2nd over - 2 runs, 2 hits, 0 errors, 1 left on base; Tampa 0 - Pompano Beach 3 |
TOP OF THE 3RD |
Tampa Pirates batting - Pitching for Pompano Beach Stingrays : RHP Julian Gonzalez
|
Batting: RHB Steven Young
|
0-0: Ball 1-0: Fly out, F9 (Flyball, 9S, EV 80.0 MPH)
|
Batting: RHB Roy Dixon
|
0-0: Called Strike 0-1: Ball 1-1: Foul Ball, location: 2F 1-2: Ball 2-2: Strikes out swinging
|
Batting: SHB Craig Smajstrla
|
0-0: Ball 1-0: Ball 2-0: Called Strike 2-1: Swinging Strike 2-2: Ball 3-2: Ground out 5-3 (Groundball, 5, EV 86.3 MPH)
|
Top of the 3rd over - 0 runs, 0 hits, 0 errors, 0 left on base; Tampa 0 - Pompano Beach 3 |
BOTTOM OF THE 3RD |
Pompano Beach Stingrays batting - Pitching for Tampa Pirates : RHP Donald VanMarter
|
Batting: RHB Jimmy Thomas
|
0-0: Fly out, F8 (Line Drive, 8LD, EV 89.4 MPH)
|
Batting: SHB Juan Molina
|
0-0: Fly out, F8 (Flyball, 8LXD, EV 106.9 MPH)
|
Batting: LHB Steve Phillips
|
0-0: DOUBLE (Line Drive, 7LS, EV 103.1 MPH)
|
Batting: RHB Kenneth Feinberg
|
0-0: Called Strike 0-1: Ball 1-1: Foul Ball, location: 2F 1-2: Ball 2-2: Foul Ball, location: 2F 2-2: Ground out 6-3 (Groundball, 6, EV 83.1 MPH)
|
Bottom of the 3rd over - 0 runs, 1 hit, 0 errors, 1 left on base; Tampa 0 - Pompano Beach 3 |
TOP OF THE 4TH |
Tampa Pirates batting - Pitching for Pompano Beach Stingrays : RHP Julian Gonzalez
|
Batting: LHB David Frederick
|
0-0: Fly out, F2 (Popup, 2L, EV 91.9 MPH)
|
Batting: LHB Pedro Nunez
|
0-0: Foul Ball, location: 2F 0-1: Fly out, F8 (Line Drive, 8RD, EV 100.6 MPH)
|
Batting: RHB Gregory Norman
|
0-0: Ball 1-0: Ball 2-0: Fly out, F3 (Line Drive, 34, EV 89.4 MPH)
|
Top of the 4th over - 0 runs, 0 hits, 0 errors, 0 left on base; Tampa 0 - Pompano Beach 3 |
BOTTOM OF THE 4TH |
Pompano Beach Stingrays batting - Pitching for Tampa Pirates : RHP Donald VanMarter
|
Batting: SHB Maury Ornest
|
0-0: Swinging Strike 0-1: Called Strike 0-2: DOUBLE (Line Drive, 78D, EV 102.5 MPH)
|
Batting: RHB Edward Lowery
|
0-0: Ball 1-0: Ground out 4-3 (Groundball, 4, EV 86.9 MPH) Maury Ornest to third
|
Batting: LHB Arnold McCrary
|
0-0: Foul Ball, location: 2F 0-1: Ball 1-1: Ball 2-1: Ball 3-1: Base on Balls
|
Batting: SHB Gene Roof
|
0-0: Ball 1-0: Swinging Strike 1-1: Swinging Strike 1-2: Ball Arnold McCrary steals 2nd base 2-2: Strikes out swinging
|
Batting: RHB Lance Junker
|
0-0: Ball 1-0: Ball 2-0: Called Strike 2-1: Ball 3-1: Base on Balls
|
Batting: RHB Jimmy Thomas
|
0-0: Fly out, F3 (Popup, 3F, EV 65.6 MPH)
|
Bottom of the 4th over - 0 runs, 1 hit, 0 errors, 3 left on base; Tampa 0 - Pompano Beach 3 |
TOP OF THE 5TH |
Tampa Pirates batting - Pitching for Pompano Beach Stingrays : RHP Julian Gonzalez
|
Batting: LHB Alfredo Rodriguez
|
0-0: Ball 1-0: Called Strike 1-1: Ground out 4-3 (Groundball, 4, EV 105.0 MPH)
|
Batting: RHB Jason Porter
|
0-0: Foul Ball, location: 2F 0-1: Ball 1-1: Foul Ball, location: 2F 1-2: Ball 2-2: Ball 3-2: Foul Ball, location: 2F 3-2: Foul Ball, location: 2F 3-2: Strikes out looking
|
Batting: RHB Erwin Bryant
|
0-0: Foul Ball, location: 2F 0-1: Ball 1-1: Called Strike 1-2: Ground out 5-3 (Groundball, 56, EV 103.1 MPH)
|
Top of the 5th over - 0 runs, 0 hits, 0 errors, 0 left on base; Tampa 0 - Pompano Beach 3 |
BOTTOM OF THE 5TH |
Pompano Beach Stingrays batting - Pitching for Tampa Pirates : RHP Donald VanMarter
|
Batting: SHB Juan Molina
|
0-0: Called Strike 0-1: Foul Ball, location: 2F 0-2: Ground out 4-3 (Groundball, 4, EV 84.4 MPH)
|
Batting: LHB Steve Phillips
|
0-0: Ball 1-0: Foul Ball, location: 2F 1-1: Foul Ball, location: 2F 1-2: Ball 2-2: Ground out 4-3 (Groundball, 4, EV 109.4 MPH)
|
Batting: RHB Kenneth Feinberg
|
0-0: Ball 1-0: Foul Ball, location: 2F 1-1: Ball 2-1: Foul Ball, location: 2F 2-2: Ball 3-2: Fly out, F4 (Popup, 13, EV 81.9 MPH)
|
Bottom of the 5th over - 0 runs, 0 hits, 0 errors, 0 left on base; Tampa 0 - Pompano Beach 3 |
TOP OF THE 6TH |
Tampa Pirates batting - Pitching for Pompano Beach Stingrays : RHP Julian Gonzalez
|
Batting: RHB Steven Young
|
0-0: Ball 1-0: Ball 2-0: Ball 3-0: Called Strike 3-1: Called Strike 3-2: Foul Ball, location: 2F 3-2: Fly out, F9 (Flyball, 9D, EV 78.8 MPH)
|
Batting: RHB Roy Dixon
|
0-0: Ball 1-0: Foul Ball, location: 2F 1-1: Ground out 5-3 (Groundball, 5L, EV 85.6 MPH)
|
Batting: SHB Craig Smajstrla
|
0-0: Ball 1-0: Swinging Strike 1-1: Ground out 4-3 (Groundball, 4, EV 103.8 MPH)
|
Top of the 6th over - 0 runs, 0 hits, 0 errors, 0 left on base; Tampa 0 - Pompano Beach 3 |
BOTTOM OF THE 6TH |
Pompano Beach Stingrays batting - Pitching for Tampa Pirates : RHP Donald VanMarter
|
Batting: SHB Maury Ornest
|
0-0: Called Strike 0-1: Ball 1-1: Ball 2-1: Ball 3-1: Base on Balls
|
Batting: RHB Edward Lowery
|
0-0: Called Strike 0-1: Foul Ball, location: 2F 0-2: Ball 1-2: Strikes out swinging
|
Batting: LHB Arnold McCrary
|
0-0: Called Strike 0-1: SINGLE (Line Drive, 89S, EV 96.9 MPH) Maury Ornest to second Runner from 2nd tries for 3rd, SAFE, no throw by RF
|
Batting: SHB Gene Roof
|
0-0: Foul Ball, location: 2F 0-1: Ball 1-1: Ball 2-1: Foul Ball, location: 2F 2-2: Hit by Pitch Arnold McCrary to second
|
Batting: RHB Lance Junker
|
0-0: Ball 1-0: Foul Ball, location: 2F 1-1: Foul Ball, location: 2F 1-2: Foul Ball, location: 2F 1-2: SINGLE (Flyball, 78S, EV 86.9 MPH) Maury Ornest scores Arnold McCrary to third Gene Roof to second Runner from 3rd tries for Home, SAFE, throw by LF to home
|
Batting: RHB Jimmy Thomas
|
0-0: SINGLE (Groundball, 4MD, EV 101.3 MPH) Gene Roof to third Lance Junker to second Runner from 3rd tries for Home, SAFE, throw by CF to home
|
Pitching: LHP George Persandi
|
|
Batting: SHB Juan Molina
|
0-0: Ball 1-0: Ball 2-0: Fly out, F8 (Flyball, 8RD, EV 85.0 MPH) Runner from 2nd tags up, SAFE at 3rd with throw by CF
|
Batting: LHB Steve Phillips
|
0-0: Ball 1-0: Called Strike 1-1: Foul Ball, location: 2F 1-2: Fly out, F8 (Line Drive, 8LM, EV 96.3 MPH)
|
Bottom of the 6th over - 3 runs, 3 hits, 0 errors, 2 left on base; Tampa 0 - Pompano Beach 6 |
TOP OF THE 7TH |
Tampa Pirates batting - Pitching for Pompano Beach Stingrays : RHP Julian Gonzalez
|
Batting: LHB David Frederick
|
0-0: Called Strike 0-1: Foul Ball, location: 2F 0-2: Foul Ball, location: 2F 0-2: Ball 1-2: Fly out, F7 (Line Drive, 7, EV 107.5 MPH)
|
Batting: LHB Pedro Nunez
|
0-0: Called Strike 0-1: Ball 1-1: Foul Ball, location: 2F 1-2: Reached on error, E5 (Groundball, 56, EV 76.9 MPH)
|
Batting: RHB Gregory Norman
|
0-0: Foul Ball, location: 2F 0-1: Ball 1-1: Foul Ball, location: 2F 1-2: Foul Ball, location: 2F 1-2: Strikes out looking
|
Batting: LHB Alfredo Rodriguez
|
0-0: Foul Ball, location: 2F 0-1: Ball 1-1: Foul Ball, location: 2F 1-2: Foul Ball, location: 2F 1-2: Ground out U3 (Groundball, 3S, EV 68.1 MPH)
|
Top of the 7th over - 0 runs, 0 hits, 1 error, 1 left on base; Tampa 0 - Pompano Beach 6 |
BOTTOM OF THE 7TH |
Pompano Beach Stingrays batting - Pitching for Tampa Pirates : LHP George Persandi
|
Batting: RHB Kenneth Feinberg
|
0-0: Called Strike 0-1: Ball 1-1: Fly out, F9 (Flyball, 9S, EV 83.8 MPH)
|
Batting: SHB Maury Ornest
|
0-0: Swinging Strike 0-1: Ball 1-1: Ball 2-1: Called Strike 2-2: Ball 3-2: Foul Ball, location: 2F 3-2: Strikes out swinging
|
Batting: RHB Edward Lowery
|
0-0: Swinging Strike 0-1: Swinging Strike 0-2: Ball 1-2: Ball 2-2: Foul Ball, location: 2F 2-2: Foul Ball, location: 2F 2-2: Fly out, F8 (Flyball, 8LD, EV 97.5 MPH)
|
Bottom of the 7th over - 0 runs, 0 hits, 0 errors, 0 left on base; Tampa 0 - Pompano Beach 6 |
TOP OF THE 8TH |
Tampa Pirates batting - Pitching for Pompano Beach Stingrays : RHP Julian Gonzalez
|
Batting: RHB Jason Porter
|
0-0: Called Strike 0-1: Foul Ball, location: 2F 0-2: SINGLE (Groundball, 56D, EV 96.3 MPH)
|
Batting: RHB Erwin Bryant
|
0-0: Ball 1-0: Swinging Strike 1-1: Foul Ball, location: 2F 1-2: Strikes out looking
|
Batting: RHB Steven Young
|
0-0: Called Strike 0-1: Swinging Strike 0-2: Strikes out looking
|
Batting: RHB Roy Dixon
|
0-0: Swinging Strike 0-1: Ball 1-1: Foul Ball, location: 2F 1-2: Strikes out looking
|
Top of the 8th over - 0 runs, 1 hit, 0 errors, 1 left on base; Tampa 0 - Pompano Beach 6 |
BOTTOM OF THE 8TH |
Pompano Beach Stingrays batting - Pitching for Tampa Pirates : LHP George Persandi
|
Batting: LHB Arnold McCrary
|
0-0: Ball 1-0: Foul Ball, location: 2F 1-1: Ground out 5-3 (Groundball, 56, EV 85.0 MPH)
|
Batting: SHB Gene Roof
|
0-0: Called Strike 0-1: Swinging Strike 0-2: Ball 1-2: Ball 2-2: Foul Ball, location: 2F 2-2: DOUBLE (Line Drive, 5D, EV 100.0 MPH)
|
Batting: RHB Lance Junker
|
0-0: Fly out, F9 (Flyball, 89XD, EV 74.4 MPH) Runner from 2nd tags up, SAFE at 3rd, no throw by RF
|
Batting: RHB Jimmy Thomas
|
0-0: Foul Ball, location: 2F 0-1: Called Strike 0-2: Ball 1-2: Fly out, F8 (Line Drive, 8RD, EV 92.5 MPH)
|
Bottom of the 8th over - 0 runs, 1 hit, 0 errors, 1 left on base; Tampa 0 - Pompano Beach 6 |
TOP OF THE 9TH |
Tampa Pirates batting - Pitching for Pompano Beach Stingrays : RHP Julian Gonzalez
|
Batting: SHB Craig Smajstrla
|
0-0: Fly out, F1 (Line Drive, P, EV 74.4 MPH)
|
Batting: LHB David Frederick
|
0-0: Swinging Strike 0-1: Ball 1-1: Ball 2-1: Called Strike 2-2: Ball 3-2: Foul Ball, location: 2F 3-2: Foul Ball, location: 2F 3-2: SOLO HOME RUN (Flyball, 78XD, EV 98.1 MPH), Distance : 411 ft
|
Batting: LHB Pedro Nunez
|
0-0: Ground out 3-1 (Groundball, 34S, EV 83.8 MPH)
|
Batting: RHB Gregory Norman
|
0-0: Called Strike 0-1: Ball 1-1: Ball 2-1: Foul Ball, location: 2F 2-2: Ball 3-2: Ground out 4-3 (Groundball, 4D, EV 80.6 MPH)
|
Top of the 9th over - 1 run, 1 hit, 0 errors, 0 left on base; Tampa 1 - Pompano Beach 6 |
|